 Dungeon Crawl Stone Soup version 0.25-a0-1056-g2efb326896 (webtiles) character file.

Game seed: 4965265776627284805, levelgen mode: classic

86 Amnesiac the Skirmisher (level 4, -1/28 HPs)
             Began as a Deep Elf Fighter on May 13, 2020.
             Slain by an adder (3 damage)
             ... on level 3 of the Dungeon.
             The game lasted 00:03:45 (1957 turns).

Amnesiac the Skirmisher (Deep Elf Fighter)          Turns: 1957, Time: 00:03:46

Health: -1/28      AC:  6    Str: 14    XL:     4   Next: 26%
Magic:  6/6        EV: 12    Int: 13    God:
Gold:   36         SH:  8    Dex: 11    Spells: 3/3 levels left

rFire    . . .     SeeInvis .   a - +0 war axe
rCold    . . .     Gourm    .   c - +0 kite shield
rNeg     . . .     Faith    .   b - +0 scale mail
rPois    +         Spirit   .   (no helmet)
rElec    .         Reflect  .   (no cloak)
rCorr    .         Harm     .   (no gloves)
MR       .....                  (no boots)
Stlth    ..........             (no amulet)
HPRegen  0.09/turn              i - +5 ring of evasion
MPRegen  0.10/turn              g - -3 ring of dexterity (curse)

@: lethally poisoned (-1 -> -4)
A: blink, poison resistance
a: Blink


You were on level 3 of the Dungeon.
You were not hungry.

You visited 1 branch of the dungeon, and saw 4 of its levels.

You collected 36 gold pieces.

Inventory:

Hand Weapons
 a - a +0 war axe (weapon)
Missiles
 r - 6 poisoned darts (quivered)
Armour
 b - a +0 scale mail (worn)
 c - a +0 kite shield (worn)
 n - a +2 cloak
Jewellery
 g - a cursed -3 ring of dexterity (right hand)
 i - a +5 ring of evasion (left hand)
Scrolls
 e - a scroll of immolation {!r, unknown}
 k - a scroll of magic mapping {!r, unknown}
 l - a scroll of identify {!r}
 m - a scroll of enchant weapon {!r, unknown}
 p - a scroll of enchant armour {!r, unknown}
Potions
 d - a potion of might {!q}
 h - 2 potions of haste {!q}
 j - a potion of brilliance {!q}
 q - a potion of curing {!q, unknown}
Comestibles
 f - 3 rations
 s - a chunk of flesh


   Skills:
 * Level 3.0 Fighting
 - Level 2.0 Axes
 * Level 2.9 Armour
 + Level 2.9 Dodging
 - Level 2.4 Shields


You had 3 spell levels left.
You didn't know any spells.
Your spell library was empty.

Dungeon Overview and Level Annotations

Branches:
Dungeon (4/15)
 Temple: D:4-7

Altars:

Annotations:
D:3 exclusion: downstairs
D:4 Edmund


Innate Abilities, Weirdness & Mutations

You can translocate small distances at will.
Your system is resistant to poisons. (rPois)


Message History

The adder is moderately wounded.
The adder bites you.
* * * LOW HITPOINT WARNING * * *
You are poisoned.
The adder poisons you!
You miss the adder.
The adder is moderately wounded.
You feel sick.
The adder bites you but does no damage. x2
You closely miss the adder.
The adder is moderately wounded.
The adder barely misses you. You block the adder's attack.
Your shield and scale mail prevent you from hitting the adder.
The adder is moderately wounded.
You feel sick.
The adder bites you but does no damage. x2
You closely miss the adder.
The adder is moderately wounded.
The adder closely misses you. The adder misses you.
You closely miss the adder.
The adder is moderately wounded.
You feel sick.
The adder bites you but does no damage. x2
You closely miss the adder.
The adder is moderately wounded.
The adder bites you but does no damage. The adder closely misses you.
You hit the adder.
The adder is heavily wounded.
The adder bites you but does no damage. The adder barely misses you.
Your shield and scale mail prevent you from hitting the adder.
The adder is heavily wounded.
You feel sick. The adder barely misses you. The adder closely misses you.
You closely miss the adder.
The adder is heavily wounded.
The adder closely misses you. The adder bites you.
* * * LOW HITPOINT WARNING * * *
You miss the adder.
The adder is heavily wounded.
The adder bites you but does no damage.
You hit the adder but do no damage.
The adder is heavily wounded.
You feel sick.
You are no longer poisoned.
The adder barely misses you. The adder bites you.
* * * LOW HITPOINT WARNING * * *
You are too injured to fight recklessly!
You are too injured to fight recklessly!
You are too injured to fight recklessly!
Unknown command.
Unknown command.
Your scale mail prevents you from hitting the adder.
The adder is heavily wounded.
The adder bites you.
* * * LOW HITPOINT WARNING * * *
You are lethally poisoned!
The adder poisons you! You block the adder's attack.
Unknown command.
Eat one of 2 chunks of flesh? (ye/n/q)
You eat one of the 2 chunks of flesh.
This raw flesh tastes terrible.
* * * LOW HITPOINT WARNING * * *
You feel sick. The adder closely misses you.
Unknown command.
Really quaff
o - an amethyst potion {!q}?
It was a potion of mutation {!q}.
You feel extremely strange.
You feel resistant to poisons.
You feel jittery. The adder closely misses you. The adder bites you.
You die...

# ##. ##. #..
##..###.#
≈(.≈.≈≈!###
≈.....≈...#
≈≈≈≈≈≈....# #
≈≈≈≈≈≈....# .#
≈≈≈≈≈..S@.##..#
≈.≈≈≈≈≈#......#
_≈≈≈≈≈.##.##.##.#
≈.≈≈≈.≈.........#
≈≈≈≈≈≈≈##.##.....
≈≈≈≈≈≈≈ #.# ####
≈≈≈≈≈≈≈ #.#
≈.≈!.≈. #.# ≈. .
#.#


You could see an adder.

Vanquished Creatures
  4 adders
  A worm (D:2)
  A dart slug (D:1)
  An orc (D:3)
  5 giant cockroaches
  4 goblins
  5 hobgoblins
  3 jackals (D:1)
  7 kobolds
  A quokka (D:3)
  3 bats (D:1)
  4 frilled lizards
  5 rats
44 creatures vanquished.

Notes
Turn   | Place    | Note
-------+----------+-------------------------------------------
     0 | D:1      | Amnesiac the Deep Elf Fighter began the quest for the Orb.
     0 | D:1      | Reached XP level 1. HP: 13/13 MP: 3/3
   162 | D:1      | Reached skill level 1 in Dodging
   162 | D:1      | Reached XP level 2. HP: 6/18 MP: 4/4
   835 | D:2      | Reached XP level 3. HP: 21/22 MP: 5/5
  1242 | D:3      | Reached XP level 4. HP: 7/27 MP: 6/6
  1789 | D:4      | Noticed Edmund
  1860 | D:3      | Found a faded altar of an unknown god.
  1864 | D:3      | Reached skill level 3 in Fighting
  1957 | D:3      | Gained mutation: Your system is resistant to poisons.
                  | (rPois) [potion of mutation]
  1957 | D:3      | Gained mutation: You can translocate small distances at
                  | will. [potion of mutation]
  1957 | D:3      | Slain by an adder

Illustrated notes

Levels and vault maps discovered:
D:1:      co_arrival_random_square_maze, layout_basic, hangedman_glass_teeth
D:2:      layout_basic, first_ration, minmay_misc_feat_square
D:3:      minmay_spotlight, layout_loops_ring, chequers_ecumenical_altar_island,
          minmay_ruptured, uniq_ijyb
D:4:      layout_basic, minmay_temple_entry_gardened_gates, uniq_eustachio,
          uniq_edmund, uniq_pikel

Skill      XL: |  1  2  3  4 |
---------------+-------------+-----
Axes           | 2 |  2.0
Dodging        | 1 2 |  2.9
Fighting       | 3 |  3.0
Armour         | |  2.9
Shields        | |  2.4

Action                   |  1- 3 |  4- 6 || total
-------------------------+-------+-------++-------
Melee: War axe           |   124 |    34 ||   158
  Use: Potion            |     1 |     1 ||     2
       Scroll            |     1 |       ||     1
  Eat: Chunk             |     1 |     3 ||     4
Armor: Scale mail        |    58 |    12 ||    70
Dodge: Dodged            |    68 |    19 ||    87
Block: Kite shield       |    63 |    21 ||    84

Table legend:
 A = Non-vault XP
 B = Vault XP
 C = Vault XP percentage of total XP
 D = Non-vault monster count
 E = Vault monster count
 F = Vault count percentage of total count
                 A         B        C        D         E       F
            +---------+---------+-------+---------+---------+-------
      Total |     116 |       7 |   5.7 |      41 |       3 |   6.8
            +---------+---------+-------+---------+---------+-------
        D:1 |      38 |       0 |   0.0 |      23 |       0 |   0.0
        D:2 |      27 |       0 |   0.0 |       7 |       0 |   0.0
        D:3 |      51 |       7 |  12.1 |      11 |       3 |  21.4
            +---------+---------+-------+---------+---------+-------
